 Dungeon Crawl Stone Soup version 0.29.1-13-g9f3cf754e1 (webtiles) character file.

Game seed: 5164123602442384543

18627 cowcol the Protected (level 12, -2/93 HPs)
             Began as a Minotaur Monk on Jan 27, 2023.
             Was a Believer of Hepliaklqana.
             Slain by a two-headed ogre
             ... wielding a +0 giant club
              (21 damage)
             ... on level 2 of the Orcish Mines.
             The game lasted 00:53:59 (22573 turns).

cowcol the Protected (Minotaur Monk)               Turns: 22573, Time: 00:53:59

Health: -2/93      AC: 20    Str: 19    XL:     12   Next: 29%
Magic:  9/9        EV:  8    Int:  7    God:    Hepliaklqana [**....]
Gold:   929        SH:  0    Dex: 15    Spells: 11/11 levels left

rFire   . . .      SeeInvis .   a - +4 scythe (venom)
rCold   . . .      Faith    .   (shield currently unavailable)
rNeg    . . .      Spirit   .   w - +0 plate armour
rPois   .          Reflect  .   (helmet restricted)
rElec   .          Harm     .   (no cloak)
rCorr   +          Rampage  .   n - +0 pair of gloves
Will    .....                   u - +1 pair of boots of a bazaar {Slay+2}
Stlth   ..........              (no amulet)
HPRegen 0.25/turn               H - ring of resist corrosion
MPRegen 0.11/turn               (no ring)

@: no status effects
A: reduced essence, horns 2, retaliatory headbutt, talons 1, low MP 1
a: Renounce Religion, Recall Ancestor, Ancestor Identity


You were on level 2 of the Orcish Mines.
You worshipped Hepliaklqana.
Hepliaklqana was pleased with you.
You visited 3 branches of the dungeon, and saw 14 of its levels.

You collected 1157 gold pieces.
You spent 228 gold pieces at shops.

Inventory:

Hand Weapons
 a - a +4 scythe of venom (weapon)
 b - a +3 triple crossbow
 h - a +0 dagger of speed
 i - a +0 quarterstaff
 p - a +1 hand axe
 r - a +0 mace
 B - a +2 vorpal glaive
 C - a +2 long sword
 F - a +2 scimitar of freezing
 J - a +0 scimitar
 L - a +1 great sword
 O - a +2 long sword
 P - a +0 battleaxe
 Q - a +0 whip
 U - the +11 morningstar of the Ancient People {holy, rC++ Stlth+}
   (You found it on level 11 of the Dungeon)

   It has been blessed by the Shining One to cause great damage to the undead
   and demons.
   rC:        It greatly protects you from cold.
   Stlth:     It makes you more stealthy.
Missiles
 e - 6 javelins
 g - 16 boomerangs
 q - 4 atropa-tipped darts
 t - 2 throwing nets
 A - 36 poisoned darts
 E - 2 silver javelins
 S - 3 silver boomerangs
Armour
 k - a +0 scale mail
 n - a +0 pair of gloves (worn)
 s - a +0 chain mail
 u - the +1 pair of boots of a bazaar (worn) {Slay+2}
   (You found it on level 7 of the Dungeon)

   Slay:      It affects your accuracy & damage with ranged weapons and melee
   (+2).
 w - a +0 plate armour (worn)
 z - a +0 robe
 G - a +3 ring mail
Jewellery
 H - a ring of resist corrosion (left hand)
 I - the ring of Sin {rF- Will+ Slay+5}
   (You found it on level 11 of the Dungeon)

   [ring of willpower]

   Slay:      It affects your accuracy & damage with ranged weapons and melee
   (+5).
   rF:        It makes you vulnerable to fire.
   Will:      It increases your willpower.
Wands
 o - a wand of polymorph (18)
 K - a wand of charming (5)
 M - a wand of flame (25)
 N - a wand of iceblast (13)
Scrolls
 d - 3 scrolls of identify
 f - 3 scrolls of butterflies
 j - 4 scrolls of teleportation
 x - 4 scrolls of poison
 y - 2 scrolls of fear
 D - 3 scrolls of amnesia
 R - a scroll of silence
 W - a scroll of blinking
Potions
 c - a potion of ambrosia
 l - 4 potions of brilliance
 m - 7 potions of lignification
 v - 2 potions of flight
 V - a potion of heal wounds


   Skills:
 + Level 9.2 Fighting
 - Level 0.3(0.9) Short Blades
 + Level 1.4(1.5) Long Blades
 * Level 10.2(12.6) Axes
 + Level 12.0(13.5) Polearms
 * Level 7.7 Ranged Weapons
 + Level 2.4 Throwing
 * Level 13.8 Armour
 + Level 4.2 Dodging
 - Level 2.0 Stealth
 + Level 0.2 Unarmed Combat


You had 11 spell levels left.
You didn't know any spells.
Your spell library contained the following spells:

 Spells                   Type           Power      Damage    Failure   Level
 Apportation              Tloc           0%         N/A       100%        1
 Necrotise                Necr           0%         1d4       100%        1
 Shock                    Conj/Air       0%         1d3       100%        1
 Sting                    Tmut/Pois      0%         1d3       100%        1
 Summon Small Mammal      Summ           0%         N/A       100%        1
 Poisonous Vapours        Pois/Air       0%         N/A       100%        2
 Swiftness                Air            0%         N/A       100%        3
 Airstrike                Air            0%         2d(0-16)  100%        4
 Olgreb's Toxic Radiance  Pois           0%         N/A       100%        4


Dungeon Overview and Level Annotations

Branches:
Dungeon (11/15)            Temple (1/1) D:7            Lair (0/5) D:8
    Orc (2/2) D:11            Elf (0/3) Orc:2

Altars:
Ashenzari
Cheibriados
Dithmenos
Elyvilon
Fedhas
Gozag
Hepliaklqana
Kikubaaqudgha
Makhleb
Nemelex Xobeh
Okawaru
Qazlal
Ru
Sif Muna
Trog
Uskayaw
Vehumet
Wu Jian
Xom
Yredelemnul
Zin
The Shining One

Shops:
D:5 (   D:8 (   D:10 [

Portals:
Trove: D:10 (give 2 scrolls of acquirement)


Innate Abilities, Weirdness & Mutations

Your life essence is reduced to manifest your ancestor. (-10% HP)
You have a pair of horns on your head.
You reflexively headbutt those who attack you in melee.
You have sharp toenails.
Your magical capacity is low. (-10% MP)


Message History

The iceblast engulfs the orc warrior.
The orc warrior is almost dead.
The iceblast engulfs the two-headed ogre!!
The two-headed ogre is moderately wounded.
You hear a shout!
You hear two shouts!
You hear a shout!
The two-headed ogre hits Nolwazi with a +0 giant club!!
The two-headed ogre barely misses Nolwazi.
The orc warrior hits you with a +0 trident.
You closely miss the orc warrior. You headbutt the orc warrior.
The orc warrior is almost dead.
Nolwazi hits the orc warrior with a +0 quarterstaff!
The orc warrior dies!
The ogre mage gestures at you while chanting.
The bolt of magma hits Nolwazi!
Nolwazi partially resists.
The bolt of magma hits you but does no damage.
The two-headed ogre closely misses Nolwazi.
The two-headed ogre hits Nolwazi with a +0 giant spiked club!
Nolwazi is destroyed!
Your base Polearms skill increases to level 12!
The ogre mage hits you with a +0 spear! The two-headed ogre barely misses you.
The two-headed ogre hits you with a +0 giant spiked club.
Items here: $ ( )))) [[[[.
You puncture the two-headed ogre!
The two-headed ogre is poisoned.
The two-headed ogre is heavily wounded.
The two-headed ogre hits you with a +0 giant club.
The two-headed ogre hits you with a +0 giant spiked club!!
You hit the ogre mage.
The ogre mage is poisoned.
You headbutt the ogre mage!
The ogre mage is heavily wounded.
The ogre mage hits you with a +0 spear.
You closely miss the ogre mage.
The ogre mage is heavily wounded.
The two-headed ogre hits you with a +0 giant club.
The two-headed ogre hits you with a +0 giant spiked club!
* * * LOW HITPOINT WARNING * * *
An orc comes into view. It is wielding a +0 club.
The ogre mage hits you but does no damage.
An orc warrior comes into view. It is wielding a +0 trident.
The two-headed ogre hits you with a +0 giant club!!
You die...

##.##.<..............
##...................#.
##.......................
##...................o...#.
#....#.............o.......
#....#.#..................
#........................
##..........[[............
####..........[)@[.......>..#
#.#...........))O..........#
<...........[[))O..........#
#.#.#.......[................
###.#........[...............
#........[)...)..........#..#
.....................##.#...#
.....................# ###.##
....................#.... ##


You could see a two-headed ogre (fast, very poisoned), an ogre mage (very
poisoned), an orc warrior (wandering) and an orc.

Vanquished Creatures
  An orc high priest (Orc:2)
  A deep troll (Orc:1)
  Lodul (D:11)
  2 lindwurms
  An ugly thing (D:10)
  A black mamba (D:11)
  A gargoyle (D:11)
  3 kobold demonologists (D:9)
  2 demonic crawlers (D:11)
  2 guardian mummies (D:10)
  3 trolls
  Grinder (D:6)
  2 tyrant leeches (D:11)
  A hornet (D:9)
  Prince Ribbit (D:6)
  Sigmund (D:2)
  Eustachio (D:6)
  8 yaks
  A steam dragon (D:8)
  An acid dragon (D:9)
  Duvessa (D:5)
  A hell hound (D:11)
  3 sky beasts
  3 water moccasins
  6 orc warriors
  2 black bears
  12 ogres
  3 centaurs
  5 kobold brigands
  A bullfrog (D:8)
  5 gnoll sergeants
  4 necrophages
  3 scorpions
  21 wights
  Dowan (D:5)
  25 killer bees
  A howler monkey (D:4)
  4 jellies
  4 hounds
  5 orc priests
  4 iguanas
  7 orc wizards
  Robin (D:2)
  17 gnolls
  9 adders
  An ufetubus (D:5)
  7 worms
  4 dart slugs
  24 orcs
  6 bats
  6 endoplasms
  13 giant cockroaches
  7 hobgoblins
  6 jackals
  3 quokkas
  3 training dummies (D:5)
  12 ball pythons
  2 frilled lizards
  18 goblins
  23 kobolds
  5 rats
  A spectral kobold (D:10)
324 creatures vanquished.

Vanquished Creatures (collateral kills)
  A black mamba (D:11)
  A kobold demonologist (D:11)
  A troll (D:11)
  A tyrant leech (D:11)
  A basilisk (D:11)
  2 vampire mosquitoes (D:11)
  A hell hound (D:11)
  2 water moccasins (D:11)
  5 orc warriors
  A wolf (D:11)
  2 kobold brigands (D:11)
  A gnoll sergeant (D:11)
  2 scorpions (D:11)
  2 hounds (D:11)
  3 orc wizards (Orc:2)
  7 gnolls (D:11)
  A worm (D:11)
  8 orcs
  2 ball pythons (D:11)
  A giant cockroach (D:11)
  5 jackals (D:11)
50 creatures vanquished.

Vanquished Creatures (others)
  11 battlemagi
  11 plants
22 creatures vanquished.

Grand Total: 396 creatures vanquished

Notes
Turn   | Place    | Note
-------+----------+-------------------------------------------
     0 | D:1      | cowcol the Minotaur Monk began the quest for the Orb.
     0 | D:1      | Reached XP level 1. HP: 19/19 MP: 0/0
   194 | D:1      | Found a faded altar of an unknown god.
   288 | D:1      | Reached XP level 2. HP: 27/27 MP: 1/1
   718 | D:2      | Noticed Sigmund
   778 | D:2      | Killed Sigmund
   779 | D:2      | Reached skill level 5 in Axes
   779 | D:2      | Reached skill level 1 in Armour
   779 | D:2      | Reached XP level 3. HP: 17/34 MP: 2/2
   779 | D:2      | Reached XP level 4. HP: 21/41 MP: 3/3
   779 | D:2      | Reached XP level 5. HP: 24/47 MP: 4/4
  1218 | D:2      | Noticed Robin
  1261 | D:2      | Killed Robin
  1596 | D:2      | Reached skill level 2 in Armour
  1731 | D:2      | Reached XP level 6. HP: 53/53 MP: 5/5
  3648 | D:3      | Reached skill level 1 in Polearms
  4371 | D:4      | Found a glowing silver altar of Zin.
  4648 | D:4      | Reached skill level 1 in Long Blades
  4999 | D:4      | Reached skill level 3 in Armour
  5168 | D:4      | Reached XP level 7. HP: 23/60 MP: 6/6
  5776 | D:5      | Entered Level 5 of the Dungeon
  5782 | D:5      | Reached skill level 5 in Fighting
  5822 | D:5      | Noticed Dowan
  5845 | D:5      | Killed Dowan
  5846 | D:5      | Reached skill level 1 in Ranged Weapons
  5847 | D:5      | Reached skill level 4 in Armour
  5850 | D:5      | Noticed Duvessa
  6177 | D:5      | Killed Duvessa
  6917 | D:5      | Reached XP level 8. HP: 69/69 MP: 7/7
  6995 | D:5      | Found Gyzar's Firing Range.
  7020 | D:5      | Reached skill level 5 in Armour
  7581 | D:5      | Found an ancient bone altar of Kikubaaqudgha.
  7921 | D:6      | Noticed Eustachio
  7940 | D:6      | Killed Eustachio
  7941 | D:6      | Reached skill level 5 in Polearms
  7941 | D:6      | Reached skill level 6 in Armour
  8165 | D:6      | Noticed Grinder
  8440 | D:6      | Killed Grinder
  8441 | D:6      | Reached skill level 7 in Armour
  8600 | D:6      | Reached XP level 9. HP: 53/75 MP: 8/8
  9255 | D:6      | Noticed Prince Ribbit
  9261 | D:6      | Killed Prince Ribbit
  9478 | D:7      | Reached skill level 8 in Armour
 10070 | D:7      | Identified the +1 pair of boots of a bazaar {Slay+2}
 10600 | D:7      | Reached skill level 9 in Armour
 11298 | D:7      | Reached XP level 10. HP: 81/83 MP: 9/9
 11468 | D:7      | Found a staircase to the Ecumenical Temple.
 11473 | Temple   | Entered the Ecumenical Temple
 11813 | D:8      | Gained mutation: Your magical capacity is low. (-10% MP)
                  | [potion of mutation]
 11813 | D:8      | Gained mutation: You have sharp toenails. [potion of
                  | mutation]
 12081 | D:8      | Found Radoa's Antique Weapon Shoppe.
 12089 | D:8      | Bought a glowing glaive for 228 gold pieces
 12265 | D:8      | Found a staircase to the Lair.
 12422 | D:8      | Reached skill level 5 in Ranged Weapons
 12664 | D:8      | Found a shimmering blue altar of Sif Muna.
 12671 | D:8      | Found a bloodstained altar of Trog.
 12675 | D:8      | Found a white marble altar of Elyvilon.
 12677 | D:8      | Found a basalt altar of Yredelemnul.
 12677 | D:8      | Found a glowing golden altar of the Shining One.
 12678 | D:8      | Found an iron altar of Okawaru.
 12685 | D:8      | Found a broken altar of Ashenzari.
 12695 | D:8      | Reached skill level 10 in Armour
 13154 | D:9      | Paralysed by a hornet for 2 turns
 13261 | D:9      | Found a flagged portal.
 14633 | D:10     | Entered Level 10 of the Dungeon
 15094 | D:10     | Noticed an orange demon
 15102 | D:9      | Reached skill level 11 in Armour
 15691 | D:10     | Found a shadowy altar of Dithmenos.
 16030 | D:10     | Found a hazy altar of Hepliaklqana.
 16044 | D:10     | Became a worshipper of Hepliaklqana the Forgotten
 16044 | D:10     | Reached * piety under Hepliaklqana
 16044 | D:10     | Reached ** piety under Hepliaklqana
 16045 | D:10     | Remembered your ancestor Nolwazi as a battlemage
 16063 | D:10     | Found Fixzamer's Antique Armour Shoppe.
 16586 | D:10     | Reached XP level 11. HP: 73/82 MP: 8/8
 16593 | D:10     | Found a portal to a secret trove of treasure.
 16769 | D:11     | Noticed Lodul
 16780 | D:11     | Reached skill level 10 in Polearms
 16780 | D:11     | Killed Lodul
 17123 | D:11     | Reached skill level 12 in Armour
 18182 | D:11     | Noticed a cyan ugly thing
 18202 | D:10     | Killed a cyan ugly thing
 18769 | D:11     | Noticed a lindwurm
 18801 | D:10     | Killed a lindwurm
 19216 | D:11     | Reached skill level 13 in Armour
 19316 | D:11     | Found a staircase to the Orcish Mines.
 19346 | D:11     | Reached skill level 10 in Axes
 20012 | D:11     | Reached XP level 12. HP: 72/93 MP: 9/9
 20249 | D:11     | Identified the ring of Sin {rF- Will+ Slay+5}
 20460 | D:11     | Identified the +11 morningstar of the Ancient People {holy,
                  | rC++ Stlth+}
 20802 | Orc:1    | Entered Level 1 of the Orcish Mines
 20928 | Orc:2    | Entered Level 2 of the Orcish Mines
 20939 | Orc:2    | Noticed an orc high priest
 21386 | Orc:2    | Killed an orc high priest
 22094 | Orc:2    | Found a staircase to the Elven Halls.
 22273 | Orc:2    | Noticed an ogre mage
 22564 | Orc:2    | Noticed a two-headed ogre
 22573 | Orc:2    | Slain by a two-headed ogre

Illustrated notes

Levels and vault maps discovered:
D:1:      giann_bridges, layout_basic, basic_ecumenical_altar,
          serial_bayou_pond_a
D:2:      layout_basic, minmay_heptomino_w4, uniq_robin, uniq_sigmund
D:3:      layout_basic, grunt_ministairs_5
D:4:      layout_layer_cave, mainiacjoe_overflow_surrounded_room,
          ebering_dispersal_statue_hall
D:5:      layout_gridville, kennysheep_little_box, nicolae_shop_firing_range,
          uniq_duvessa
D:6:      layout_cave_pools, hangedman_decor_diamond_cutter,
          eino_small_chamber_without_monster, uniq_eustachio, uniq_grinder,
          uniq_prince_ribbit1
D:7:      layout_cave_pools, temple_doors_e
D:8:      layout_basic, nicolae_overflow_hallway_of_the_gods, serial_shops, shop
D:9:      layout_basic, enter_bailey_5
D:10:     layout_stronghold, nicolae_dithmenos_through_a_glass_darkly,
          nicolae_hepliaklqana_monster_ancestors,
          nicolae_trove_entry_path_of_doom, serial_shops, shop
D:11:     layout_roguey, kennysheep_orc_monster_closet_entryway,
          serial_bayou_lagoon_a, hangedman_parallel_progression, uniq_lodul
Temple:   jpeg_temple_clearing
Orc:1:    layout_caves, uniq_erica, uniq_josephine
Orc:2:    st_orc_open, layout_caves

Skill      XL: |  1  2  3  4  5  6  7  8  9 10 11 12 |
---------------+-------------------------------------+-----
Stealth        | 2 |  2.0
Fighting       | 4 5 6 7 9 |  9.2
Axes           | 5 6 7 8 9 10 | 10.2
Throwing       | 2 |  2.4
Armour         | 1 2 3 4 7 9 11 13 | 13.8
Polearms       | 2 4 6 8 9 11 12 | 12.0
Long Blades    | 1 |  1.4
Ranged Weapons | 1 3 4 6 7 |  7.7
Dodging        | 4 |  4.2
Short Blades   | |  0.3
Unarmed Combat | |  0.2

Action                   |  1- 3 |  4- 6 |  7- 9 | 10-12 || total
-------------------------+-------+-------+-------+-------++-------
Melee: Hand axe          |    45 |    51 |       |       ||    96
       Headbutt          |     6 |    23 |    33 |    65 ||   127
       Unarmed           |     5 |       |       |       ||     5
       Halberd           |       |    74 |   213 |   369 ||   656
       Punch             |       |     1 |       |       ||     1
 Fire: Triple crossbow   |       |     5 |    28 |    39 ||    72
Throw: Javelin           |     2 |     3 |     3 |       ||     8
Invok: Ancestor Life: Ba |       |       |       |     1 ||     1
       Recall Ancestor   |       |       |       |     4 ||     4
Evoke: Wand              |       |     1 |    20 |    19 ||    40
  Use: Scroll            |     4 |     2 |     7 |     9 ||    22
       Potion            |       |     7 |     2 |    10 ||    19
 Stab: Sleeping          |     1 |       |       |       ||     1
       Distracted        |       |       |       |     3 ||     3
Armor: Scale mail        |    17 |    49 |       |       ||    66
       Chain mail        |       |     8 |   104 |       ||   112
       Plate armour      |       |       |    70 |   290 ||   360
Dodge: Dodged            |    28 |    58 |    91 |   152 ||   329
